[Event "Gibraltar Challengers B 2019"]
[Site "Caleta"]
[Date "2019.01.28"]
[Round "3"]
[White "Cao Armillas, Jesus"]
[Black "Erdogan, Hassan"]
[Result "1-0"]
[ECO "A53"]
[WhiteElo "2048"]
[BlackElo "1833"]
[Annotator "NA RC"]
[PlyCount "69"]
[EventDate "2019.01.18"]
[EventType "swiss"]
[EventCountry "GGB"]
[SourceTitle "playchess.com"]
[Source "ChessBase"]
[SourceQuality "1"]
[TimeControl "6600+10"]

1. d4 Nf6 2. c4 d6 3. Nf3 Nbd7 4. g3 e5 5. Bg2 {[%emt 0:00:27] A53: Old Indian Defence without Nf3} Be7 (5... c6 6. Nc3 e4 7. Nh4 d5 8. O-O Bb4 9. cxd5 cxd5 10. f3 Bxc3 11. bxc3 O-O 12. Ba3 Re8 13. Nf5 Nb6 14. Nd6 Nc4 15. Nxc4 dxc4 16. fxe4 Nxe4 {1-0 (34) Aronian,L (2767)-Grischuk,A (2766) Saint Louis 2018}) 6. O-O {[%emt 0:00:14] LiveBook: 174 Games} a5 7. Nc3 O-O 8. Qc2 c6 9. Rd1 Qc7 10. b3 Re8 11. e4 b5 $146 ({Predecessor:} 11... Nf8 12. Bb2 Bg4 13. dxe5 dxe5 14. Na4 Ng6 15. c5 {0-1 (57) Traut,S (1627)-Koellner,A (2001) Wiesbaden 2018}) 12. Bb2 bxc4 13. bxc4 exd4 14. Nxd4 Ne5 15. Na4 Ba6 16. Bf1 c5 17. Nf5 Bb7 18. Bg2 Bf8 19. Nc3 Ba6 20. Nb5 Bxb5 21. cxb5 Rab8 22. a4 g6 23. Ne3 Bg7 24. f4 Neg4 25. Nc4 Rbd8 26. h3 Nh6 $2 (26... d5 27. hxg4 (27. exd5 Ne3 $18) 27... dxc4 28. Bxf6 (28. Qxc4 Nxg4 29. Bxg7 Kxg7 $16) 28... Bxf6) 27. Bc3 Nh5 28. Bxa5 Qb8 29. Ra3 Rd7 {[%emt 0:00:21] [#]} 30. e5 $1 Nf5 31. Bc6 {[%emt 0:01:45] Skewer} Rde7 32. Bxe8 Rxe8 33. Nxd6 Nxd6 34. Rxd6 Nxg3 35. Rxg3 $18 1-0

[Event "Gibraltar Challengers B 2019"]
[Site "Caleta"]
[Date "2019.01.28"]
[Round "3"]
[White "Herzwurm, Robert"]
[Black "Obiamiwe, Paul"]
[Result "0-1"]
[ECO "C51"]
[WhiteElo "2021"]
[BlackElo "1903"]
[Annotator "NA RC"]
[PlyCount "50"]
[EventDate "2019.01.18"]
[EventType "swiss"]
[EventCountry "GGB"]
[SourceTitle "playchess.com"]
[Source "ChessBase"]
[SourceQuality "1"]
[TimeControl "6600+10"]

1. e4 e5 2. Nf3 Nc6 3. Bc4 Bc5 4. b4 Bxb4 5. c3 Be7 6. d4 Na5 7. Bd3 d6 {[%emt 0:02:56] C51: Evans Gambit: Declined and Accepted without 5...Ba5} 8. dxe5 dxe5 9. Nxe5 Nf6 10. O-O O-O 11. Qc2 (11. Nd2 Nd7 12. Nxd7 Qxd7 13. Qc2 Rd8 14. Be2 Qc6 15. f4 {0-1 (30) Antipov,M (2598)-Rodshtein,M (2678) Linares 2018}) 11... c6 {[%emt 0:01:35] LiveBook: 5 Games} 12. Nd2 Qc7 13. Nef3 h6 14. c4 $146 ({Predecessor:} 14. h3 Nd7 15. Re1 {0-1 (50) Ivic,V (2394)-Villca,J (2196) Montevideo 2017}) 14... b6 15. Bb2 Rd8 16. e5 Nh5 17. Nd4 Nf4 $1 18. Bh7+ Kh8 19. Qe4 (19. N2f3 $142) 19... Ne6 20. Nxe6 Bxe6 21. Rad1 (21. Bc3 $17) 21... Qd7 22. f4 $2 (22. Bc3 $17) 22... Bc5+ 23. Kh1 {[%emt 0:01:51] [#]} Nxc4 $1 {[%emt 0:01:04] Pin} 24. Bc3 $19 Ne3 25. f5 Bd5 0-1

[Event "Gibraltar Challengers B 2019"]
[Site "Caleta"]
[Date "2019.01.28"]
[Round "3"]
[White "Hassomal Daswani, Birjkumar"]
[Black "Nandi, Robin J"]
[Result "1-0"]
[ECO "C54"]
[WhiteElo "2008"]
[BlackElo "1903"]
[Annotator "NA RC"]
[PlyCount "85"]
[EventDate "2019.01.18"]
[EventType "swiss"]
[EventCountry "GGB"]
[SourceTitle "playchess.com"]
[Source "ChessBase"]
[SourceQuality "1"]
[TimeControl "6600+10"]

1. e4 e5 2. Nf3 Nc6 3. Bc4 Bc5 4. O-O Nf6 5. d3 d6 6. c3 O-O 7. a4 a6 8. Bg5 h6 9. Bh4 Ba7 10. Bb3 {[%emt 0:00:14] C54: Giuoco Piano: 4 c3 Nf6, main lines with 5 d4 and 5 d3} (10. Nbd2 g5 11. Bg3 g4 12. Nh4 Nh5 13. Re1 Qg5 14. Nf1 Kg7 15. Ne3 Nxg3 16. hxg3 Bxe3 17. Rxe3 Ne7 {1-0 (55) Anand,V (2773)-Nakamura,H (2746) Kolkata 2018}) 10... Re8 $146 ({Predecessor:} 10... Be6 11. Nbd2 Qe7 12. Re1 Bxb3 13. Qxb3 Rab8 14. Nc4 Qe6 15. a5 Nd7 {1-0 (61) Yudasin,L (2615)-Ivanov,A (2520) Worchester 1990}) 11. Nbd2 Be6 12. Bc2 Qe7 13. Re1 Rad8 14. Nf1 d5 15. exd5 Bxd5 16. Nxe5 Nxe5 17. d4 Nf3+ 18. gxf3 Qxe1 19. Qxe1 Rxe1 20. Rxe1 Bxf3 21. Re7 Nd5 22. Rxf7 Kxf7 23. Bxd8 c5 24. Nd2 Bg4 25. dxc5 Bxc5 26. Be4 Ne3 $2 (26... Ke6 $16 {is tougher.}) 27. b4 Ba7 28. Bxb7 Nd1 29. Ne4 Bf5 30. Nd6+ Ke6 31. Nxf5 Kxf5 32. c4 Nxf2 33. c5 Nd3 34. Bb6 Bxb6 35. cxb6 Ke5 (35... Nxb4 $142 36. Bh1 a5) 36. Bxa6 Nxb4 37. Bb5 Kd6 38. Kf2 Nd5 39. a5 Nc3 40. a6 Nd5 41. b7 Kc7 {[%emt 0:00:09] [#]} 42. Bc6 $1 Nb4 43. a7 $18 1-0

[Event "Gibraltar Challengers B 2019"]
[Site "Caleta"]
[Date "2019.01.28"]
[Round "3"]
[White "Cano Sevilla, Ivan"]
[Black "Ungureanu, Sandu"]
[Result "1/2-1/2"]
[ECO "D02"]
[WhiteElo "1950"]
[BlackElo "2057"]
[Annotator "NA RC"]
[PlyCount "120"]
[EventDate "2019.01.18"]
[EventType "swiss"]
[EventCountry "GGB"]
[SourceTitle "playchess.com"]
[Source "ChessBase"]
[SourceQuality "1"]
[TimeControl "6600+10"]

1. d4 c6 2. Nf3 d5 3. Bf4 Nf6 4. e3 Bg4 5. Be2 Bxf3 {[%emt 0:00:14] D02: 1 d4 d5 2 Nf3 sidelines, including 2...Nf6 3 g3 and 2...Nf6 3 Bf4} (5... Nbd7 6. Nbd2 e6 7. h3 Bh5 8. O-O Be7 9. c4 O-O 10. Ne5 Bxe2 11. Qxe2 a5 12. Nxd7 Qxd7 13. c5 {½-½ (42) Marjanovic,D (2432)-Dao,T (2486) Baku 2016}) 6. Bxf3 e6 7. c3 Bd6 $146 ({Predecessor:} 7... Be7 8. Nd2 O-O 9. O-O {½-½ (9) Kukuljan,V (2043)-Zoricic,M (2066) Croatia 2016}) 8. Bg5 Nbd7 9. Nd2 h6 10. Bh4 Qc7 11. Qe2 g5 12. Bg3 h5 13. Bxd6 Qxd6 14. g3 g4 15. Bg2 h4 16. Rg1 O-O-O 17. e4 e5 18. dxe5 Qxe5 19. exd5 Qxe2+ 20. Kxe2 Rhe8+ 21. Kd1 Ne5 (21... Nc5 $17 22. Kc2 h3) 22. Kc2 h3 23. Bh1 Nxd5 24. Rge1 Nf6 25. Rad1 Kc7 26. f4 Ng6 27. c4 Rxe1 28. Rxe1 Re8 29. Rxe8 Nxe8 30. Be4 Ne7 31. Kc3 f5 32. Bc2 c5 33. a3 a5 34. b4 axb4+ 35. axb4 b6 36. bxc5 bxc5 37. Nf1 Nd6 38. Ne3 Kd7 39. Nd5 Nxd5+ 40. cxd5 Kc7 41. Bd3 {[%emt 0:02:27] [#]} Kb6 $2 ({Black should play} 41... Kb7 $1 $19 42. Bc2 Nb5+ 43. Kc4 Na3+ 44. Kb3 Nxc2 45. Kxc2 Kc7) 42. Kb3 Kb7 43. Kc3 $2 (43. Ka4 $11 {and White is okay.}) 43... Kb6 44. Kb3 Kc7 45. Kc3 Kb6 46. Kb3 Ka5 47. Kc3 Ka4 48. Bc2+ Kb5 49. Bb1 $2 (49. Bd3+ $11 c4 50. Bxc4+ Nxc4 51. Kd4) 49... c4 50. Kd4 Kb4 51. Ke5 Kc5 52. Ke6 c3 53. Bc2 Ne4 $2 ({Black should try} 53... Nb5 $19 54. Ba4 Nd4+ 55. Ke5 Nf3+ 56. Ke6 Kb4) 54. Kxf5 Nxg3+ $1 55. Kxg4 Ne2 56. f5 Kxd5 57. f6 Ke6 58. Kg5 Kf7 59. Bb3+ Kf8 60. Kh4 Nf4 $11 1/2-1/2

[Event "Gibraltar Challengers B 2019"]
[Site "Caleta"]
[Date "2019.01.28"]
[Round "3"]
[White "Pereira Lopez, Aketza"]
[Black "Vinal Gutierrez, Pedro"]
[Result "1-0"]
[ECO "C00"]
[WhiteElo "1861"]
[BlackElo "1997"]
[Annotator "NA"]
[PlyCount "79"]
[EventDate "2019.01.18"]
[EventType "swiss"]
[EventCountry "GGB"]
[SourceTitle "playchess.com"]
[Source "ChessBase"]
[SourceQuality "1"]
[TimeControl "6600+10"]

1. e4 e6 2. Nf3 d5 3. e5 c5 4. b4 d4 5. bxc5 Bxc5 6. Ba3 {[%emt 0:00:07] C00: French: Unusual White 2nd moves} (6. Bd3 Nc6 7. Ba3 Qa5 8. Bxc5 Qxc5 9. O-O Nxe5 10. Nxe5 Qxe5 11. Na3 Nf6 12. Nc4 Qc7 13. Re1 Bd7 {0-1 (39) Maier,C (2388)-Rambaldi,F (2555) Porto Mannu 2017}) 6... Qa5 7. Bxc5 Qxc5 8. c3 Nc6 9. cxd4 Nxd4 10. Qa4+ Bd7 11. Qxd4 Qc1+ 12. Ke2 Bb5+ 13. d3 Rd8 14. Nbd2 $146 Qc7 $2 (14... Qa3 $1 $11 {and Black has nothing to worry.} 15. Qf4 (15. Nc4 $2 Bxc4 {[%mdl 64] Overworked Piece} 16. Qxc4 Qb2+ {[%mdl 64] Double Attack} 17. Ke3 Qxa1 $19) 15... Qb2) 15. Qb2 Bxd3+ 16. Ke1 Ne7 17. Rc1 Nc6 18. Qa3 Bxf1 19. Kxf1 Rd5 20. Nc4 f6 21. g3 Kd8 22. Kg2 Kc8 23. Nd6+ Kb8 24. Rb1 Na5 25. Rhc1 Qd7 26. Rc5 fxe5 27. Rxd5 exd5 28. Nxe5 Qc7 29. Rb5 b6 30. Qxa5 Qxd6 31. Nf7 Qc6 32. Nxh8 d4+ 33. Kh3 Qe6+ 34. Kh4 Qe7+ 35. Kg4 Qe4+ 36. Kg5 h6+ 37. Kh5 Qf3+ 38. Kg6 Qe4+ 39. Kxg7 Qb7+ 40. Nf7 $18 1-0

[Event "Gibraltar Challengers B 2019"]
[Site "Caleta"]
[Date "2019.01.28"]
[Round "3"]
[White "Teh, Wee Zhun"]
[Black "Kozarcanin, Sead"]
[Result "0-1"]
[ECO "D15"]
[WhiteElo "1818"]
[BlackElo "2048"]
[Annotator "NA RC"]
[PlyCount "64"]
[EventDate "2019.01.18"]
[EventType "swiss"]
[EventCountry "GGB"]
[SourceTitle "playchess.com"]
[Source "ChessBase"]
[SourceQuality "1"]
[TimeControl "6600+10"]

1. d4 d5 2. c4 c6 3. Nc3 Nf6 4. e3 a6 5. Nf3 b5 6. b3 Bg4 7. Be2 e6 8. O-O Nbd7 9. a4 {[%emt 0:05:40] D15: Slav Defence: 4 Nc3 a6 and gambit lines after 4 Nc3 dxc4} (9. Bb2 Qb8 10. c5 a5 11. h3 Bh5 12. a3 Be7 13. b4 a4 14. Ne5 Nxe5 15. dxe5 Qxe5 16. Nxa4 Bxe2 17. Qxe2 {0-1 (42) Ni,H (2671)-Laznicka,V (2647) Riadh 2017}) 9... b4 {[%emt 0:09:44] LiveBook: 7 Games} 10. Nb1 Ne4 11. h3 Bh5 (11... Bf5 $11) 12. c5 $146 ({Predecessor:} 12. a5 Bd6 13. Ra4 Bc7 14. Rxb4 O-O 15. Ra4 Bxa5 16. c5 Bc7 17. Nfd2 Bxe2 18. Qxe2 Nxd2 19. Nxd2 {½-½ (43) Chirivi Castiblanco,J (2250)-Mateus,M (2140) Quibdo 2015}) 12... a5 13. Bb2 Be7 14. Qc2 Qc7 15. Nbd2 f5 16. Rae1 O-O 17. Nxe4 fxe4 18. Ng5 Bxg5 19. Bxh5 Nf6 20. Bd1 Nd7 21. Bg4 Rae8 22. Qd1 Bf6 23. Qa1 Rf7 24. Qc1 g6 25. f4 exf3 26. Bxf3 Bh4 27. Rd1 (27. e4 $17 {might work better.}) 27... Qg3 28. Qd2 Nf6 ({Black should try} 28... Ref8 $19 29. Qe2 Bg5) 29. Qe2 Ref8 30. Bg4 $2 (30. Bc1 $19) 30... Nxg4 31. Qxg4 Rxf1+ 32. Rxf1 Rxf1+ 0-1

[Event "Gibraltar Challengers B 2019"]
[Site "Caleta"]
[Date "2019.01.28"]
[Round "3"]
[White "Livesey, R Nigel"]
[Black "Garcia Lopez, Juan Antonio"]
[Result "0-1"]
[ECO "A24"]
[WhiteElo "1797"]
[BlackElo "1964"]
[Annotator "NA"]
[PlyCount "104"]
[EventDate "2019.01.18"]
[EventType "swiss"]
[EventCountry "GGB"]
[SourceTitle "playchess.com"]
[Source "ChessBase"]
[SourceQuality "1"]
[TimeControl "6600+10"]

1. c4 e5 2. g3 Nf6 3. Bg2 d6 4. Nc3 g6 5. d3 Bg7 6. e4 O-O 7. Nge2 Nbd7 8. O-O Nc5 {[%emt 0:00:20] A24: English Opening vs King's Indian: Lines without ...Nc6} (8... c6 9. h3 a6 10. a4 a5 11. Be3 Nc5 12. f4 Qe7 13. Qc2 Bd7 14. Rae1 Rfe8 15. Rf2 h6 16. Ref1 Kh7 17. Kh2 Ne6 {1-0 (47) Vishnu,P (2510)-Arjun,K (2397) Sharjah 2018}) 9. b4 Ne6 10. h3 a5 $146 ({Predecessor:} 10... c6 11. Kh2 Nh5 12. Bf3 Nf6 13. Qb3 a5 14. bxa5 Nc5 15. Qc2 Rxa5 16. h4 {½-½ (25) Shushunov,A (1429)-Popov,M (1831) Voronezh 2018}) 11. b5 Nc5 12. Be3 Nfd7 13. Qd2 f5 14. Bg5 Nf6 15. Nd5 Ne6 16. Bxf6 Bxf6 17. Nxf6+ Qxf6 18. f4 Kh8 19. Kh2 Qg7 20. exf5 gxf5 21. Rae1 Nc5 22. fxe5 dxe5 23. d4 exd4 24. Qxd4 Qxd4 25. Nxd4 Bd7 26. Re5 Nd3 27. Rd5 Rad8 28. Nxf5 Nb4 29. Rd2 (29. Rd4 $5 ) 29... Bxf5 30. Rxd8 Rxd8 31. Rxf5 Nxa2 32. Rf2 Nc3 33. Bxb7 a4 34. Bd5 Nxd5 35. Rd2 {[%emt 0:00:18] Pin} Kg7 36. cxd5 Kf6 37. Ra2 Ra8 38. d6 cxd6 39. b6 Ke5 40. b7 Rb8 41. Rxa4 Rxb7 42. g4 d5 43. h4 {[%emt 0:00:52] [#]} d4 $2 ({Black should try} 43... Rf7 $1 $19 44. g5 d4 45. Ra5+ Ke4) 44. Kg3 Rf7 45. g5 d3 46. Ra5+ Ke4 47. Ra4+ Ke3 48. Ra6 Re7 49. Kg4 Re4+ 50. Kh5 d2 51. Ra3+ Ke2 52. Ra2 Ke1 {[%emt 0:00:08] Kg4 [%emt 00:03:59] Rf4+ [%emt 00:00:04] Kf5 [%emt 00:00:01]} 0-1

[Event "Gibraltar Challengers B 2019"]
[Site "Caleta"]
[Date "2019.01.28"]
[Round "3"]
[White "Diaz Mino, Daniel"]
[Black "Lutz, Juergen"]
[Result "1/2-1/2"]
[ECO "B21"]
[WhiteElo "1769"]
[BlackElo "1960"]
[Annotator "NA RC"]
[PlyCount "112"]
[EventDate "2019.01.18"]
[EventType "swiss"]
[EventCountry "GGB"]
[SourceTitle "playchess.com"]
[Source "ChessBase"]
[SourceQuality "1"]
[TimeControl "6600+10"]

1. e4 c5 2. d4 cxd4 3. c3 dxc3 4. Nxc3 Nc6 5. Bc4 e6 6. Nf3 Qc7 {[%emt 0:00:25] LiveBook: 74 Games} 7. O-O Nf6 8. Qe2 Ng4 9. Nb5 Qb8 10. h3 h5 11. e5 {[%emt 0:07:07] B21: Sicilian: 2 f4 and Morra Gambit} (11. Bxe6 $2 ) (11. Qd2 $11) 11... a6 12. Nbd4 $146 ({Predecessor:} 12. Nd6+ $1 $11 Bxd6 13. exd6 Qxd6 14. Rd1 Qc7 15. b3 b5 16. Bd5 Nf6 17. Ba3 Bb7 18. Rac1 Qf4 19. Bxc6 Bxc6 {1-0 (32) Radulski,J (2580)-Can,E (2471) Ankara 2009}) 12... Ngxe5 13. Nxe5 Qxe5 14. Nxc6 Qxe2 15. Bxe2 dxc6 16. b3 e5 17. Bb2 {[%emt 0:00:00] f} f6 18. Rfe1 Bb4 19. Red1 Be6 20. Rd3 Rd8 21. Rad1 Rxd3 22. Rxd3 h4 23. a3 Be7 24. Rf3 O-O 25. b4 Rd8 26. Bc3 Bd5 27. Re3 e4 28. Bg4 g6 29. f3 f5 30. fxe4 Bxe4 31. Be2 b5 32. Bf1 Rd1 33. Re1 Rxe1 34. Bxe1 Bf6 35. Kf2 Bb2 36. Ke3 Kf7 37. Bxh4 Bxa3 38. Be1 c5 39. bxc5 Bxc5+ 40. Kf4 Bd4 41. g3 Kf6 42. h4 Be5+ 43. Ke3 Ke6 44. Be2 Kd5 45. h5 gxh5 46. Bxh5 b4 $2 (46... Kc5 $19 47. Bd1 Bd5) 47. Bxb4 Bxg3 48. Be2 $1 f4+ 49. Kd2 f3 50. Bxa6 Kd4 51. Bc3+ Kc5 52. Ke3 Bd5 {[%emt 0:00:06] [#]} 53. Be2 $1 f2 $11 54. Bd4+ Kb4 55. Kd2 Bf4+ 56. Be3 Bxe3+ 1/2-1/2

[Event "Gibraltar Challengers B 2019"]
[Site "Caleta"]
[Date "2019.01.29"]
[Round "4"]
[White "Meszaros, Andras"]
[Black "Berrocal Ruiz, Valentin"]
[Result "1-0"]
[ECO "B06"]
[WhiteElo "2226"]
[BlackElo "2127"]
[Annotator "NA RC"]
[PlyCount "105"]
[EventDate "2019.01.18"]
[EventType "swiss"]
[EventCountry "GGB"]
[SourceTitle "playchess.com"]
[Source "ChessBase"]
[SourceQuality "1"]
[TimeControl "6600+10"]

1. e4 g6 2. d4 Bg7 3. Nc3 d6 4. Be3 a6 5. Nf3 b5 6. a4 b4 7. Nd5 {[%emt 0:00:14] B06: Modern Defence} (7. Ne2 Bb7 8. Ng3 Nf6 9. Bd3 Nbd7 10. c3 c5 11. O-O O-O 12. h3 Qa5 13. Bd2 bxc3 14. bxc3 Qc7 {1-0 (41) Zhigalko,S (2655)-Petrosian,T (2625) Minsk 2015}) 7... a5 8. c3 e6 9. Nf4 bxc3 10. bxc3 Nf6 11. Bb5+ c6 $146 ({Predecessor:} 11... Nbd7 12. e5 Ng4 13. exd6 cxd6 14. Qb3 Qe7 {0-1 (33) Klimenko,V (2082)-Sergeev Kaluga 2000}) 12. Bd3 O-O 13. h3 Ba6 14. O-O Bxd3 15. Qxd3 e5 16. Ne2 d5 17. dxe5 dxe4 18. Qxd8 Rxd8 19. Ng5 Nd5 20. Bd4 Re8 21. f4 f5 22. exf6 $1 Bxf6 23. c4 c5 24. Bxf6 ({Much weaker is} 24. Bxc5 Bxa1 25. cxd5 Nd7 $17) 24... Nxf6 25. f5 Nbd7 26. fxg6 hxg6 27. Rad1 Ra6 28. Nc3 e3 29. Rfe1 Ne5 $2 (29... Rb6 $11) 30. Rxe3 Nxc4 31. Rxe8+ Nxe8 32. Rd8 Kf8 33. Rc8 Rb6 (33... Ncd6 $16 34. Rxc5 Nb7) 34. Nge4 Rb3 35. Nd5 ({But not} 35. Rxc5 Ned6) 35... Kf7 36. Rxc5 Ned6 $2 (36... Nb6 {was called for.} 37. Nxb6 (37. Rxa5 Nxd5 38. Rxd5 Ra3 $18) 37... Rxb6 38. Rxa5 Rb4) 37. Nxd6+ (37. Rc7+ $142 Kf8 38. Nc5 Rb1+ 39. Kf2 Rb2+ 40. Ke1 Rb1+ 41. Kf2 Rb2+ 42. Kg3) 37... Nxd6 38. Rxa5 Ra3 39. Ra6 Nc4 40. Kh2 Nb2 $2 (40... g5 41. Nc7 g4) 41. Rf6+ (41. a5 $142) 41... Kg7 {[%emt 0:00:06] [#]} 42. Rb6 $1 Nxa4 43. Ra6 Ra2 44. Nf4 Nc3 45. Rxg6+ Kf7 46. Rb6 Rf2 47. Nd3 Re2 48. Rb2 Re3 49. Nf4 Ne4 50. Rb7+ Ke8 51. Re7+ Kd8 52. Re5 Re1 53. Ne6+ $18 1-0

[Event "Gibraltar Challengers B 2019"]
[Site "Caleta"]
[Date "2019.01.29"]
[Round "4"]
[White "Dolzhikova, Olga"]
[Black "Probst, Alexander"]
[Result "1-0"]
[ECO "C42"]
[WhiteElo "2224"]
[BlackElo "1976"]
[Annotator "ChessBase"]
[PlyCount "103"]
[EventDate "2019.01.18"]
[EventType "swiss"]
[EventCountry "GGB"]
[SourceTitle "playchess.com"]
[Source "ChessBase"]
[SourceQuality "1"]
[TimeControl "6600+10"]

1. e4 e5 2. Nf3 Nf6 3. Nxe5 d6 4. Nf3 Nxe4 5. Nc3 Nf6 6. d4 Be7 7. Bd3 O-O 8. h3 Re8 9. Be3 d5 10. O-O Be6 11. Ne5 Qc8 12. f4 c5 13. f5 Bd7 14. Kh1 cxd4 15. Bxd4 Nc6 16. Nxd7 Qxd7 17. Bf2 Rad8 18. Qd2 Bd6 19. Rae1 Bb8 20. Bh4 Qd6 21. g4 a6 22. Qg2 Nb4 23. a3 Nxd3 24. cxd3 b5 25. Rxe8+ Rxe8 26. Bxf6 Qxf6 27. Nxd5 Qe5 28. f6 Re6 29. Ne7+ Kf8 30. fxg7+ Kxg7 31. Nf5+ Kf8 32. d4 Qe2 33. Qxe2 Rxe2 34. Rc1 Re8 35. Rc2 f6 36. Kg2 Kf7 37. Kf3 Re1 38. Rc8 Bh2 39. Rc2 Bb8 40. Re2 Rxe2 41. Kxe2 Ke6 42. Kd3 Bf4 43. b3 Bc1 44. a4 bxa4 45. bxa4 Kd5 46. Ng3 Bb2 47. Ne2 a5 48. Nf4+ Kd6 49. Ke4 Bc3 50. Nd5 f5+ 51. gxf5 Be1 52. Ne3 1-0

[Event "Gibraltar Challengers B 2019"]
[Site "Caleta"]
[Date "2019.01.29"]
[Round "4"]
[White "Elishev, Ivan"]
[Black "Orndahl, Markus"]
[Result "0-1"]
[ECO "B02"]
[WhiteElo "2224"]
[BlackElo "2173"]
[Annotator "RC"]
[PlyCount "153"]
[EventDate "2019.01.18"]
[EventType "swiss"]
[EventCountry "GGB"]
[SourceTitle "playchess.com"]
[Source "ChessBase"]
[SourceQuality "1"]
[TimeControl "6600+10"]

1. e4 Nf6 2. Nc3 d5 3. e5 Nfd7 4. e6 fxe6 5. d4 c5 6. dxc5 Nc6 7. Nf3 a6 8. h4 Qa5 9. a3 Qxc5 10. Be3 Qa5 11. h5 Nf6 12. b4 Qc7 13. Qd2 Bd7 14. b5 Ne5 15. Nxe5 Qxe5 16. bxa6 bxa6 17. Qd4 Qc7 18. Bf4 Qa5 19. Qb4 Qxb4 20. axb4 Rc8 21. Bd2 d4 22. Na4 Bb5 23. Nc5 e5 24. Bxb5+ axb5 25. Ra5 Nd7 26. Ne6 h6 27. Rh3 Kf7 28. Ra6 Nf6 29. Kd1 Rg8 30. Rf3 g6 31. Nxf8 Rcxf8 32. Bxh6 Ra8 33. Rb6 Rab8 34. Ra6 gxh5 35. g3 Ra8 36. Rb6 Rgb8 37. Rc6 Rc8 38. Rxc8 Rxc8 39. Ra3 Rc4 40. Bd2 Ne4 41. Be1 Nd6 42. Ra8 Rc8 43. Ra7 Ke6 44. f3 Nf5 45. Kd2 Ne3 46. Ra2 Kf5 47. Kd3 Nc4 48. Ra7 Ke6 49. Ra6+ Nd6 50. Ra7 Rf8 51. Ke2 Rf7 52. Ra8 Kd5 53. Rh8 Rf5 54. Rh7 e6 55. Rd7 Rf7 56. Rd8 Kc6 57. Rh8 Rf5 58. Ra8 Kb7 59. Rd8 Kc7 60. Ra8 Kd7 61. Ra7+ Ke8 62. Rc7 Rf7 63. Rc5 Rf5 64. Rc7 Kd8 65. Rh7 Ke8 66. Bd2 Nf7 67. Rg7 Rf6 68. Rg8+ Kd7 69. Rb8 Nd6 70. Rh8 Rf5 71. Rh7+ Kc6 72. Re7 Kd5 73. Rc7 Nc4 74. Be1 Kd6 75. Rc5 e4 76. Rxf5 exf5 77. f4 {[%emt 0:00:15] Ke5 [%emt 00:00:09]} 0-1

[Event "Gibraltar Challengers B 2019"]
[Site "Caleta"]
[Date "2019.01.29"]
[Round "4"]
[White "Pinho, Paulo"]
[Black "Bengherabi, Khalil"]
[Result "1-0"]
[ECO "E08"]
[WhiteElo "2205"]
[BlackElo "2150"]
[Annotator "RC"]
[PlyCount "41"]
[EventDate "2019.01.18"]
[EventType "swiss"]
[EventCountry "GGB"]
[SourceTitle "playchess.com"]
[Source "ChessBase"]
[SourceQuality "1"]
[TimeControl "6600+10"]

1. d4 Nf6 2. c4 e6 3. Nf3 d5 4. g3 Be7 5. Bg2 O-O 6. O-O Nbd7 7. b3 c6 8. Nc3 b6 9. Bb2 Bb7 10. Qc2 c5 11. cxd5 Nxd5 12. Nxd5 Bxd5 13. e4 Bb7 14. Rfd1 cxd4 15. Nxd4 Bc5 16. b4 Bxd4 17. Rxd4 Rc8 18. Qd2 Rc7 19. Rd1 Bc6 20. Qc3 Bd5 21. Rc4 1-0

[Event "Gibraltar Challengers B 2019"]
[Site "Caleta"]
[Date "2019.01.29"]
[Round "4"]
[White "Pavlov, Egor"]
[Black "Diaz Mino, Pablo"]
[Result "0-1"]
[ECO "E90"]
[WhiteElo "2187"]
[BlackElo "2085"]
[Annotator "RC"]
[PlyCount "176"]
[EventDate "2019.01.18"]
[EventType "swiss"]
[EventCountry "GGB"]
[SourceTitle "playchess.com"]
[Source "ChessBase"]
[SourceQuality "1"]
[TimeControl "6600+10"]

1. Nf3 Nf6 2. c4 g6 3. Nc3 Bg7 4. e4 d6 5. d4 O-O 6. h3 e5 7. d5 a5 8. g4 Na6 9. Be3 Nc5 10. Qc2 b6 11. O-O-O Bd7 12. Be2 Qe7 13. Nd2 c6 14. g5 Ne8 15. h4 Nc7 16. Nb3 cxd5 17. Nxc5 bxc5 18. Nxd5 Nxd5 19. Rxd5 Be6 20. Rd3 Rfb8 21. Rb3 Rb4 22. Bd2 Rxb3 23. Qxb3 Qc7 24. f3 Bd7 25. Rd1 Bc6 26. Be3 Rb8 27. Qd3 Bf8 28. h5 Qb7 29. Qd2 Qb4 30. hxg6 hxg6 31. Bd3 Qxd2+ 32. Rxd2 Be7 33. Be2 Kg7 34. Rd3 a4 35. Ra3 Rh8 36. b3 Rh2 37. Kd2 Bd8 38. bxa4 Ba5+ 39. Kd3 Bb4 40. Rb3 Bxa4 41. Rb2 Bd1 42. f4 exf4 43. Bxf4 Rh3+ 44. Be3 Ba4 45. Bf1 Rh1 46. Rf2 Be1 47. Rf6 Rh2 48. Be2 Bg3 49. Bf4 Bxf4 50. Rxf4 Rg2 51. Rf6 Rxg5 52. Rxd6 Rg3+ 53. Kd2 Ra3 54. Rd5 Rxa2+ 55. Ke3 Ra3+ 56. Kf4 f6 57. Bf3 g5+ 58. Kg4 Rc3 59. Rxc5 Bd7+ 60. Kg3 g4 61. Rc7 Rxf3+ 62. Kg2 Rd3 63. c5 Kg6 64. c6 Be6 65. Re7 Bc8 66. Re8 Ba6 67. Ra8 Re3 68. Rxa6 Rxe4 69. c7 Rc4 70. Ra4 Rc2+ 71. Kg3 f5 72. Kf4 Rxc7 73. Ra6+ Kh5 74. Kxf5 Rf7+ 75. Ke4 Kh4 76. Rh6+ Kg3 77. Ke3 Re7+ 78. Kd2 Kf2 79. Rf6+ Kg2 80. Rg6 g3 81. Rg8 Kf2 82. Rf8+ Kg1 83. Rg8 g2 84. Rh8 Re5 85. Kd1 Kf2 86. Rf8+ Kg3 87. Rg8+ Kf3 88. Rg7 Re4 0-1

[Event "Gibraltar Challengers B 2019"]
[Site "Caleta"]
[Date "2019.01.29"]
[Round "4"]
[White "Haase, Pavel"]
[Black "Spacapan, Simon"]
[Result "1-0"]
[ECO "A03"]
[WhiteElo "2141"]
[BlackElo "2061"]
[Annotator "NA RC"]
[PlyCount "93"]
[EventDate "2019.01.18"]
[EventType "swiss"]
[EventCountry "GGB"]
[SourceTitle "playchess.com"]
[Source "ChessBase"]
[SourceQuality "1"]
[TimeControl "6600+10"]

1. f4 d5 2. Nf3 c5 3. b3 Nc6 4. Bb2 Nf6 5. e3 Bg4 {[%emt 0:01:48] A03: Bird's Opening with 1...d5} (5... e6 6. Bb5 Be7 7. Bxc6+ bxc6 8. O-O O-O 9. d3 a5 10. Nbd2 a4 11. Qe2 Ne8 12. Ne5 Qc7 13. Rab1 f6 14. Nef3 Nd6 15. e4 Nf7 16. Kh1 axb3 17. axb3 {0-1 (93) Jobava,B (2627)-Salem,A (2660) St Petersburg 2018}) 6. h3 Bd7 7. g4 $146 ({Predecessor:} 7. Bb5 Nb4 8. Bxd7+ Nxd7 9. d3 e6 10. O-O Qc7 11. Nbd2 {0-1 (36) Saldana Diaz,J (2057)-Zapata,D (2162) Trujillo 2016}) 7... Ne4 8. Rg1 e6 9. d3 Nd6 10. Nbd2 Qc7 11. Ne5 O-O-O 12. Bg2 f6 13. Nef3 Nf7 14. a3 Bd6 15. Qe2 $1 e5 16. f5 Kb8 17. O-O-O $1 d4 18. Ne4 b5 19. Nfd2 Rc8 20. Kb1 dxe3 21. Qxe3 Ne7 22. c4 a6 23. Ka2 Qb6 24. Rc1 Ka7 (24... Rhd8 $16) 25. b4 a5 $2 (25... cxb4 26. c5 Bxc5 27. Nxc5 (27. Rxc5 Nd5 $18) 27... Bc6) 26. Nb3 axb4 27. axb4 bxc4 28. dxc4 Qxb4 29. Ba3 Qb6 30. Nxd6 Nxd6 31. Bxc5 Rxc5 32. Qxc5 Qxc5 33. Nxc5 Bc6 34. Bxc6 Nxc6 35. Rgd1 Nd4 36. Nb3 Nxb3 37. Kxb3 Rb8+ 38. Ka4 Ne4 39. Rd7+ Ka6 40. c5 Rc8 $18 41. c6 Kb6 42. Rb7+ Ka6 43. Rxg7 h6 44. Rh7 Kb6 45. Rb7+ Ka6 46. Rb4 Nf2 47. Kb3 1-0